AoeStats
← Shredded_Pork

MegaRandom

506848165Analyzed
4v4 RM · 17d ago on Sep 15, 2026· 39m 33s· 8 players
Game mode
Random Map
Map size
Large (8 player)
Population
200
Speed
Normal
Resources
Standard
Victory
Conquest
Starting age
Dark Age
Ending age
Imperial Age
RankedLock teamsTeams togetherTeam positionsShared explorationLock speedFull tech treeHidden civsTurbo modeCheats
Victory
Defeat
🇭🇺 Spanish · Hungary
859
+12
🇹🇷 Turks · Türkiye
828
+13
🇪🇸 Huns · Spain
811
+14
🇹🇷 Wu · Türkiye
678
+19
🇨🇳 Franks · China
839
-18
🇨🇳 Hindustanis · China
757
-14
🇨🇳 Chinese · China
738
-14
🇨🇳 Persians · China
698
-12
2394984800
0:36 Loom
15:58 Feudal Age
16:48 Double-Bit Axe
20:46 Castle Age
19:55 Stone Mining
20:49 Fletching
21:00 Padded Archer Armor
23:18 Wheelbarrow
26:24 Stone Shaft Mining
28:04 Hand Cart
29:11 Leather Archer Armor
28:51 Bodkin Arrow
31:24 Gold Mining
34:09 Gold Shaft Mining
39:00 Imperial Age
36:41 Thumb Ring
36:52 Masonry
37:04 Ballistics
37:11 Great Wall
sujing810
1:17 Loom
13:19 Feudal Age
14:51 Wheelbarrow
14:22 Double-Bit Axe
19:22 Castle Age
20:15 Bow Saw
21:01 Hand Cart
25:44 Gold Mining
25:45 Stone Mining
28:44 Gold Shaft Mining
33:15 Imperial Age
31:02 Forging
30:57 Scale Barding Armor
34:30 Fervor
35:23 Chemistry
35:29 Iron Casting
35:14 Chain Barding Armor
37:34 Blast Furnace
36:35 Cavalier
37:15 Husbandry
39:46 Plate Barding Armor
39:12 Scale Mail Armor
39:25 Chivalry
39:45 Conscription
Shredded_Pork
13:52 Feudal Age
14:24 Double-Bit Axe
14:51 Horse Collar
22:07 Castle Age
24:20 Bow Saw
27:34 Heavy Plow
27:33 Gold Mining
27:34 Stone Mining
34:30 Imperial Age
35:03 Heavy Camel Rider
35:45 Husbandry
35:55 Bloodlines
36:26 Grand Trunk Road
36:47 Conscription
37:40 Wheelbarrow
37:21 Forging
37:16 Scale Barding Armor
37:12 Padded Archer Armor
37:03 Fletching
serendipity
SoltiL
17:23 Feudal Age
20:10 Wheelbarrow
19:27 Gold Mining
19:28 Stone Mining
19:25 Double-Bit Axe
19:25 Horse Collar
22:37 Castle Age
20:51 Forging
20:47 Scale Barding Armor
25:31 Bow Saw
26:02 Iron Casting
25:47 Chain Barding Armor
27:59 Fletching
28:09 Padded Archer Armor
29:53 Bodkin Arrow
30:14 Leather Archer Armor
30:34 Hand Cart
31:06 Bloodlines
30:56 Husbandry
36:37 Town Watch
36:38 Loom
40:30 Imperial Age
Ramizpaşa
7:14 Loom
11:19 Feudal Age
11:54 Double-Bit Axe
13:00 Horse Collar
17:58 Stone Mining
17:58 Gold Mining
21:44 Castle Age
20:28 Fletching
20:40 Padded Archer Armor
21:26 Forging
23:23 Bow Saw
23:22 Heavy Plow
31:08 Wheelbarrow
30:19 Town Watch
32:15 Hand Cart
32:51 Town Patrol
36:20 Imperial Age
34:06 Bodkin Arrow
35:36 Stone Shaft Mining
35:36 Gold Shaft Mining
35:21 Leather Archer Armor
34:44 Man-at-Arms
35:25 Squires
34:45 Pikeman
35:31 Scale Mail Armor
37:05 Iron Casting
36:54 Ballistics
36:15 Treadmill Crane
36:22 Heavy Hei Guang Cavalry
37:03 Husbandry
37:06 Sitting Tiger
37:58 Bracer
39:27 Blast Furnace
38:43 Chain Mail Armor
38:34 Scale Barding Armor
38:56 Conscription
40:22 Chemistry
39:33 Masonry
Passdespoir
0:57 Loom
13:23 Feudal Age
15:40 Double-Bit Axe
21:26 Castle Age
22:30 Gold Mining
24:55 Thumb Ring
28:32 Imperial Age
26:44 Bow Saw
31:13 Bloodlines
32:33 Gold Shaft Mining
34:32 Parthian Tactics
34:14 Caravan
39:20 Heavy Cavalry Archer
alejandro1995_5
2:14 Loom
14:42 Feudal Age
15:54 Double-Bit Axe
15:57 Horse Collar
16:15 Gold Mining
16:28 Stone Mining
18:19 Wheelbarrow
21:58 Castle Age
22:04 Bloodlines
23:02 Bow Saw
22:59 Heavy Plow
26:34 Gold Shaft Mining
26:58 Hand Cart
27:38 Caravan
31:29 Fletching
31:39 Padded Archer Armor
31:42 Husbandry
34:18 Imperial Age
34:32 Ballistics
35:08 Thumb Ring
34:26 Heavy Cavalry Archer
35:33 Parthian Tactics
35:42 Conscription
35:22 Bodkin Arrow
35:43 Leather Archer Armor
36:59 Two-Man Saw
36:33 Bracer
36:43 Scale Barding Armor
36:41 Scale Mail Armor
36:05 Light Cavalry
37:49 Chemistry
38:30 Murder Holes
Connection lost

Rejoining the realm…

Still unreachable

The connection could not be restored.

Session expired

The server has moved on; the page needs a fresh start.